 Dungeon Crawl Stone Soup version 0.20.1-1-g8b1a95d (webtiles) character file.

81 Chifra the Ducker (level 4, 0/34 HPs)
             Began as a Demonspawn Gladiator on July 12, 2017.
             Succumbed to an adder's poison
             ... on level 2 of the Dungeon.
             The game lasted 00:03:50 (1389 turns).

Chifra the Ducker (Demonspawn Gladiator)            Turns: 1389, Time: 00:03:51

Health: 0/34       AC:  9    Str: 16    XL:     4   Next: 19%
Magic:  4/4        EV: 13    Int: 14    God:
Gold:   104        SH:  0    Dex: 19    Spells: 3/3 levels left

rFire    . . .     SeeInvis .   a - +0 long sword
rCold    . . .     Gourm    .   (no shield)
rNeg     . . .     Faith    .   g - +0 chain mail
rPois    .         Spirit   .   c - +0 helmet
rElec    .         Reflect  .   (no cloak)
rCorr    .         Harm     .   (no gloves)
MR       .....                  (no boots)
Stlth    ..........             (no amulet)
Regen    0.2/turn               (no ring)
MPRegen  0.1/turn               (no ring)

@: brilliant, agile, lethally poisoned (0 -> -9), hasted, very quick
A: foul stench 1, rot immunity
a: no special abilities


You were on level 2 of the Dungeon.
You were hungry.

You visited 1 branch of the dungeon, and saw 2 of its levels.

You collected 104 gold pieces.

Inventory:

Hand Weapons
 a - a +0 long sword (weapon)
Missiles
 d - 3 throwing nets (quivered)
 m - 2 javelins
Armour
 b - a +0 leather armour
 c - a +0 helmet (worn)
 e - a +0 ring mail
 g - a +0 chain mail (worn)
 l - a +0 plate armour
Jewellery
 o - a +3 ring of strength {unknown}
Scrolls
 h - a scroll of amnesia {unknown}
 j - a scroll of identify {unknown}
 k - a scroll of remove curse {unknown}
 p - a scroll of blinking {unknown}
 s - a scroll of enchant armour {unknown}
 u - a scroll of enchant weapon {unknown}
Comestibles
 f - a bread ration
 n - a meat ration
 q - 4 chunks of flesh


   Skills:
 + Level 2.6 Fighting
 + Level 3.2 Long Blades
 - Level 1.7 Throwing
 + Level 1.3 Armour
 + Level 3.4 Dodging


You had 3 spell levels left.
You didn't know any spells.

Dungeon Overview and Level Annotations

Branches:
Dungeon (2/15)

Altars:


Innate Abilities, Weirdness & Mutations

You may emit foul miasma when damaged in melee.
You are immune to rotting.


Message History

Things that are here:
a coral ring; an adder corpse Unknown command.
It was a potion of haste.
You feel yourself speed up. The ooze hits you but does no damage.
It was a potion of agility.
You feel agile all of a sudden.
* * * LOW HITPOINT WARNING * * *
You feel sick.
It was a potion of brilliance.
You feel clever all of a sudden.
* * * LOW HITPOINT WARNING * * *
You feel sick. The ooze barely misses you.
You hit the ooze.
The ooze is almost dead.
The ooze hits you.
* * * LOW HITPOINT WARNING * * *
You hit the ooze.
The ooze is almost dead.
You die...

###......#..###... .
#.###............. ...
#.....#.##.....#..
....####.###.#...........
.........############.#..
.......†........ #.#.#
....####..##.### #...#
### #.....# #####
#@..##... #J...# #
........# #..........#
#.......#..# #.....#.#..#
#.....#.. .# #.....##.. #


You could see an ooze.

Vanquished Creatures
  Terence (D:1)
  2 adders
  An ooze (D:1)
  2 dart slugs (D:1)
  A leopard gecko (D:1)
  7 bats
  A giant cockroach (D:1)
  3 goblins
  3 hobgoblins
  A frilled lizard (D:1)
  3 kobolds (D:1)
  8 rats
33 creatures vanquished.

Notes
Turn   | Place    | Note
-------+----------+-------------------------------------------
     0 | D:1      | Chifra the Demonspawn Gladiator began the quest for the Orb.
     0 | D:1      | Reached XP level 1. HP: 16/16 MP: 1/1
   194 | D:1      | Gained mutation: You are immune to rotting. [demonic ancestry]
   194 | D:1      | Reached XP level 2. HP: 19/22 MP: 2/2
   709 | D:1      | Gained mutation: You may emit foul miasma when damaged in melee. [demonic ancestry]
   709 | D:1      | Reached XP level 3. HP: 28/28 MP: 3/3
   882 | D:2      | Noticed Terence
  1078 | D:1      | Killed Terence
  1078 | D:1      | Reached skill level 1 in Armour
  1078 | D:1      | Reached XP level 4. HP: 14/34 MP: 4/4
  1388 | D:2      | HP: 1/34 [ooze (2)]
  1389 | D:2      | Succumbed to an adder's poison

Skill      XL: |  1  2  3 |
---------------+----------+-----
Dodging        | 3 |  3.4
Long Blades    | 3 |  3.2
Armour         | 1 |  1.3
Fighting       | |  2.6
Throwing       | |  1.7

Action                   |  1- 3 |  4- 6 || total
-------------------------+-------+-------++-------
Melee: Long sword        |    69 |    33 ||   102
  Use: Potion            |       |     3 ||     3
  Eat: Chunk             |     1 |       ||     1
Armor: Leather armour    |     6 |       ||     6
       Ring mail         |    31 |       ||    31
       Chain mail        |       |    37 ||    37
Dodge: Dodged            |    73 |    24 ||    97
       Rpst.: Long sword |    20 |    12 ||    32
